[ AOE2 MATCH · #471488090 ]
1v1 RMMagyars vs Lithuanians
Player's team · WIN
[ REPLAY ANALYSIS · EXTRACTED FROM THE RECORDED GAME ]
Feudal
8:58
Castle
—
Imperial
—
| APM avg | 67.6 |
| APM peak | 111 |
| eAPM avg | 30.3 |
| Villagers / military | 32 / 12 |
Focus
⚔️ 43.1% · 🌾 56.9%
Militia ×5 · Archer ×4 · Spearman ×3
Feudal
8:00
Castle
—
Imperial
—
| APM avg | 54.2 |
| APM peak | 86 |
| eAPM avg | 19.2 |
| Villagers / military | 29 / 6 |
Focus
⚔️ 39.9% · 🌾 60.1%
Scout Cavalry ×6
Match map
Initial resources + every placement click. Lines = walls · curves = elevation contours. ◆ gold · ⬟ stone · ● berries · ✦ relic · ◌ wall gap
Your base· Open — unwalled flank
Harriet's base· Open — 4t gap
Smoothed initial terrain · ◌ = detected wall gap · hover for details
Inputs per minute
— Charlie Dompler - - Harriet
Build order — Charlie Dompler
79 actions detected in the replay
| 0:00 | Create | Villager (Male) |
| 0:01 | Build | House |
| 0:02 | Build | House |
| 0:06 | Create | Villager (Male) |
| 0:09 | Create | Villager (Male) |
| 0:12 | Create | Villager (Male) |
| 0:13 | Create | Villager (Male) |
| 1:24 | Create | Villager (Male) |
| 1:24 | Create | Villager (Male) |
| 1:56 | Build | Lumber Camp |
| 2:05 | Create | Villager (Male) |
| 2:05 | Create | Villager (Male) |
| 2:19 | Create | Villager (Male) |
| 2:46 | Create | Villager (Male) |
| 2:46 | Create | Villager (Male) |
| 2:47 | Create | Villager (Male) |
| 3:20 | Create | Villager (Male) |
| 3:20 | Create | Villager (Male) |
| 3:48 | Build | House |
| 4:02 | Create | Villager (Male) |
| 4:03 | Create | Villager (Male) |
| 4:22 | Build | Palisade Wall |
| 4:37 | Create | Villager (Male) |
| 4:58 | Create | Villager (Male) |
| 5:20 | Create | Villager (Male) |
| 5:23 | Create | Villager (Male) |
| 5:39 | Research | Loom |
| 6:04 | Build | Barracks |
| 6:48 | Research | Feudal Age |
| 6:48 | Research | Feudal Age |
| 7:02 | Create | Militia |
| 7:02 | Create | Militia |
| 7:03 | Create | Militia |
| 7:29 | Build | House |
| 7:43 | Create | Militia |
| 7:43 | Create | Militia |
| 7:51 | Build | Mining Camp |
| 7:56 | Build | Palisade Wall |
| 8:10 | Build | Palisade Wall |
| 8:15 | Create | Villager (Male) |
| 8:50 | Build | House |
| 8:58 | Age | Feudal Age |
| 9:02 | Research | Man-at-Arms (upgrade) |
| 9:02 | Research | Man-at-Arms (upgrade) |
| 9:10 | Build | Archery Range |
| 9:21 | Create | Villager (Male) |
| 9:48 | Build | Blacksmith |
| 9:53 | Build | House |
| 10:16 | Create | Villager (Male) |
| 10:20 | Create | Archer |
| 10:35 | Build | Mill |
| 10:40 | Create | Archer |
| 10:42 | Create | Villager (Male) |
| 11:12 | Create | Villager (Male) |
| 11:13 | Create | Villager (Male) |
| 11:22 | Create | Archer |
| 11:23 | Create | Spearman |
| 11:29 | Build | Farm |
| 11:32 | Build | Farm |
| 11:41 | Create | Villager (Male) |
| 11:42 | Create | Villager (Male) |
| 11:47 | Create | Archer |
| 12:09 | Build | Farm |
| 12:17 | Create | Villager (Male) |
| 12:17 | Create | Villager (Male) |
| 12:18 | Build | Farm |
| 12:25 | Build | Palisade Wall |
| 12:26 | Build | Palisade Wall |
| 12:27 | Build | Palisade Wall |
| 12:28 | Build | Palisade Wall |
| 12:30 | Build | Palisade Wall |
| 12:31 | Build | Palisade Wall |
| 12:33 | Build | Palisade Wall |
| 12:36 | Build | Palisade Wall |
| 12:38 | Build | Palisade Wall |
| 12:45 | Create | Spearman |
| 12:46 | Create | Spearman |
| 13:09 | Create | Villager (Male) |
| 13:17 | Build | Farm |
Build order — Harriet
62 actions detected in the replay
| 0:00 | Create | Villager (Male) |
| 0:00 | Create | Villager (Male) |
| 0:01 | Create | Villager (Male) |
| 0:01 | Create | Villager (Male) |
| 0:02 | Build | House |
| 0:03 | Build | House |
| 0:09 | Create | Villager (Male) |
| 0:10 | Create | Villager (Male) |
| 1:25 | Create | Villager (Male) |
| 1:59 | Create | Villager (Male) |
| 2:19 | Create | Villager (Male) |
| 2:20 | Build | Lumber Camp |
| 2:47 | Create | Villager (Male) |
| 3:42 | Create | Villager (Male) |
| 3:42 | Create | Villager (Male) |
| 3:55 | Create | Villager (Male) |
| 4:02 | Create | Villager (Male) |
| 4:05 | Build | House |
| 4:57 | Build | Mill |
| 5:42 | Research | Feudal Age |
| 5:45 | Research | Loom |
| 7:02 | Build | Barracks |
| 7:09 | Build | House |
| 8:00 | Age | Feudal Age |
| 8:02 | Build | Stable |
| 8:04 | Create | Villager (Male) |
| 8:28 | Create | Villager (Male) |
| 8:45 | Create | Scout Cavalry |
| 8:51 | Build | House |
| 8:52 | Research | Double-Bit Axe |
| 8:53 | Create | Villager (Male) |
| 9:04 | Create | Scout Cavalry |
| 9:12 | Build | House |
| 9:15 | Create | Scout Cavalry |
| 9:16 | Create | Villager (Male) |
| 9:40 | Build | House |
| 9:44 | Build | Farm |
| 9:47 | Create | Villager (Male) |
| 9:55 | Create | Scout Cavalry |
| 10:17 | Create | Villager (Male) |
| 10:20 | Build | House |
| 10:34 | Create | Villager (Male) |
| 10:43 | Build | Farm |
| 10:49 | Create | Villager (Male) |
| 10:53 | Build | Farm |
| 10:55 | Build | Farm |
| 11:24 | Create | Villager (Male) |
| 11:29 | Create | Villager (Male) |
| 11:39 | Create | Villager (Male) |
| 11:51 | Build | Farm |
| 11:52 | Build | Farm |
| 11:53 | Build | Farm |
| 11:57 | Build | Farm |
| 12:10 | Build | Farm |
| 12:14 | Create | Villager (Male) |
| 12:18 | Create | Villager (Male) |
| 12:27 | Create | Villager (Male) |
| 12:34 | Create | Villager (Male) |
| 12:46 | Build | Farm |
| 12:48 | Build | Farm |
| 12:51 | Create | Scout Cavalry |
| 12:51 | Create | Scout Cavalry |
Match timeline
| 4:22 | Charlie Dompler · wall_segment Palisade Wall x5 |
| 6:04 | Charlie Dompler · first_building Barracks |
| 7:02 | Harriet · first_building Barracks |
| 7:56 | Charlie Dompler · wall_segment Palisade Wall x8 |
| 8:00 | Harriet · age_up feudal |
| 8:02 | Harriet · first_building Stable |
| 8:10 | Charlie Dompler · wall_segment Palisade Wall x8 |
| 8:58 | Charlie Dompler · age_up feudal |
| 9:10 | Charlie Dompler · first_building Archery Range |
| 12:25 | Charlie Dompler · wall_segment Palisade Wall x1 |
| 12:26 | Charlie Dompler · wall_segment Palisade Wall x1 |
| 12:27 | Charlie Dompler · wall_segment Palisade Wall x1 |
| 12:28 | Charlie Dompler · wall_segment Palisade Wall x1 |
| 12:30 | Charlie Dompler · wall_segment Palisade Wall x1 |
| 12:31 | Charlie Dompler · wall_segment Palisade Wall x1 |
| 12:33 | Charlie Dompler · wall_segment Palisade Wall x1 |
| 12:36 | Charlie Dompler · wall_segment Palisade Wall x1 |
| 12:38 | Charlie Dompler · wall_segment Palisade Wall x1 |
[ AI ANALYSIS · 1 CREDIT ]
What really happened in this match?
Wolo.gg analyzes every decision: build order, eco, micro, common mistakes by bracket. Personalized analysis on WhatsApp or Discord in 30 seconds.
Civ guide
Magyars
Map guide
Arabia
Perfil
Mugno